Get step-by-step instructions on how to execute this build order below. Start the game timer, and the build order will tick by so you can play in parallel with StarCraft on a second screen or mobile device.

Game Time

  0:00

Last Step

  N/A

Next Step

  12  0:00  Drone  

Upcoming Step

  13  0:08  Drone  

Don't want to look back and forth between 2 screens? Try out our Overwolf App, the Spawning Tool Build Advisor to get an in-game overlay with this build!

Complete Build Order

  12  0:00  Drone  
  13  0:08  Drone  
  14  0:14  Extractor, Drone  
  15  0:36  Hatchery  
  15  0:42  Extractor, Drone  
  15  0:47  Overlord  
  15  1:02  Spawning Pool  
  14  1:05  Drone  
  14  1:09  Drone  
  16  1:12  Drone  
  16  1:16  Drone  
  18  1:26  Extractor, Drone  
  18  1:37  Drone  
  19  1:48  Queen x2  
  19  1:49  Zergling x2  
  19  1:50  Drone  
  25  1:59  Drone  
  25  2:00  Overlord  
  26  2:09  Drone  
  26  2:10  Drone  
  28  2:20  Drone  
  28  2:21  Drone  
  30  2:26  Extractor  
  30  2:29  Queen x2  
  33  2:32  Drone  
  33  2:35  Overlord  
  35  2:41  Drone  
  36  2:44  Overlord  
  36  2:57  Drone x2  
  36  2:58  Drone x3  
  41  3:00  Drone, Spore Crawler  
  41  3:04  Drone x3  
  45  3:11  Lair  
  45  3:14  Drone  
  46  3:20  Roach Warren  
  46  3:22  Drone  
  46  3:25  Extractor  
  46  3:26  Drone  
  46  3:29  Drone x2  
  46  3:33  Drone  
  49  3:40  Hatchery  
  48  3:44  Pneumatized Carapace  
  48  3:46  Overlord  
  48  3:49  Overlord  
  48  3:51  Overlord  
  48  4:02  Roach x2  
  52  4:06  Roach  
  52  4:07  Roach  
  56  4:12  Roach x3  
  56  4:16  Overlord  
  62  4:17  Roach  
  62  4:21  Roach  
  66  4:27  Drone x2  
  66  4:28  Drone x2  
  66  4:31  Drone x2  
  72  4:33  Drone  
  73  4:39  Drone  
  73  4:42  Drone  
  73  4:44  Queen  
  79  4:48  Drone x2  
  79  4:50  Drone  
  79  4:52  Drone x2  
  84  4:57  Drone  
  85  5:01  Spore Crawler x2  
  85  5:02  Queen  
  85  5:05  Drone x2  
  84  5:10  Drone  
  83  5:14  Drone x2  
  83  5:22  Drone  
  83  5:23  Drone  
  83  5:25  Drone x4  
  88  5:32  Queen x2  
  88  5:34  Extractor x2, Overlord x2, Evolution Chamber  
  87  5:38  Evolution Chamber  
  87  5:40  Drone  
  83  5:43  Drone  
  83  5:46  Drone x2  
  83  5:47  Extractor x2  
  76  5:55  Drone  
  76  5:56  Drone  
  78  5:58  Drone  
  78  6:02  Zerg Missile Weapons Level 1  
  77  6:04  Zerg Ground Armor Level 1  
  77  6:06  Drone  
  77  6:07  Drone x5  
  77  6:08  Drone x2  
  77  6:09  Drone  
  86  6:17  Drone  
  86  6:18  Drone x3  
  90  6:22  Hatchery  
  89  6:29  Glial Reconstitution  
  89  6:30  Overlord  
  89  6:32  Roach x4  
  97  6:42  Overlord x5  
  97  6:50  Roach x4  
  104  7:04  Roach x7  
  118  7:09  Roach x3  
  118  7:13  Roach  
  126  7:17  Overlord x2  
  126  7:19  Roach x2  
  130  7:26  Roach  
  130  7:27  Roach  
  134  7:35  Roach x8  
  150  7:44  Roach x4  
  156  7:53  Roach x3  
  156  7:57  Ravager  
  156  7:58  Ravager x4  
  167  7:59  Overlord x2  
  167  8:00  Overlord x2  
  167  8:09  Overlord  
  167  8:11  Overlord